 Dungeon Crawl Stone Soup version 0.18-a0-1526-gcb34c7c (webtiles) character file.

150 GrosslyIncandescent the Insei (level 5, -1/42 HPs)
             Began as a Mummy Monk on Mar 8, 2016.
             Slain by an orc wizard
             ... wielding a cursed -3 dagger
              (4 damage)
             ... on level 3 of the Dungeon.
             The game lasted 00:03:34 (3389 turns).

GrosslyIncandescent the Insei (Mummy Monk)          Turns: 3389, Time: 00:03:34

Health: -1/42      AC:  0    Str: 14    XL:     5   Next: 10%
Magic:  5/5        EV: 13    Int: 10    God:
Gold:   90         SH:  0    Dex: 15    Spells: 0 memorised, 4 levels left

rFire  x . .     SeeInvis .       - Unarmed
rCold  + . .     Gourm    .     (no armour)
rNeg   + + +     Faith    .     (no shield)
rPois  ∞         Spirit   .     (no helmet)
rElec  .         Dismiss  .     (no cloak)
rCorr  .         Reflect  .     (no gloves)
SustAt .         Harm     .     (no boots)
MR     .....                    (no amulet)
Stlth  ++........               (no ring)
                                (no ring)

@: not resistant to hostile enchantments, unstealthy
A: no food or potions, fire vulnerability, cold resistance 1, negative energy
resistance 3, torment resistance, unbreathing
a: no special abilities


You were on level 3 of the Dungeon.
You were not hungry.

You visited 1 branch of the dungeon, and saw 3 of its levels.

You collected 90 gold pieces.


Innate Abilities, Weirdness & Mutations

You do not eat or drink.
Your flesh is vulnerable to fire.
You are immune to poison.
Your flesh is cold resistant.
You are immune to negative energy.
You are immune to unholy pain and torment.
You can survive without breathing.


   Skills:
 + Level 3.7 Fighting
 - Level 2.4 Dodging
 - Level 1.5 Stealth
 - Level 5.0 Unarmed Combat


You had 4 spell levels left.
You didn't know any spells.

Inventory:

Scrolls
 a - 2 scrolls of teleportation {unknown}
 b - a scroll of fear {unknown}
 c - a scroll of noise {unknown}
 d - 2 scrolls of remove curse {unknown}
 e - a scroll of enchant weapon {unknown}
 f - 3 scrolls of identify {unknown}
 g - a scroll of recharging {unknown}

Dungeon Overview and Level Annotations

Branches:
Dungeon (3/15)

Altars:
Kikubaaqudgha
Makhleb
Trog
The Shining One

Annotations:
D:2 Free fog

▒▒...▒▒.▒▒...▒▒.▒▒▒..
▒.8.8.▒.▒.8.8.▒...... ▒ ▒
▒.._..▒.▒!._..▒.▒▒▒▒. .▒.
▒.8...▒.▒...8.▒.▒▒ ▒.
▒.▒▒▒▒▒▒▒▒▒...'▒.▒'...▒▒..▒▒▒.
▒.▒▒......▒▒▒▒▒...▒▒▒▒▒.▒.▒.!.
▒.▒▒.▒▒▒........⌠.............
▒.▒▒.▒ ▒▒.▒▒▒▒▒...▒▒▒▒▒.▒.▒.▒▒
▒▒.▒▒.▒▒▒▒▒▒..Mo▒.▒'...▒▒▒.▒.▒
▒▒▒<........▒.8†{.▒.▒...8.▒▒.▒.▒
.....▒..▒▒▒▒▒.._..▒.▒.._..▒▒.▒.▒
▒▒▒.........▒.8.8.▒.▒.8.8.▒▒.▒.▒
▒.▒▒.▒▒▒▒.▒▒...▒▒.▒▒...▒▒▒.▒>▒
▒▒▒.▒▒.▒ ▒.▒▒▒▒▒▒...▒▒▒▒▒ ▒.▒.▒
▒...▒▒.▒ ▒.▒ ▒.▒▒▒..▒ ▒.▒
▒.▒.▒▒.▒ ▒.▒▒▒.▒▒▒.▒....▒
▒.▒.▒▒.▒▒▒▒.▒.▒.†..........


You could see an orc.


Message History

The orc barely misses you! Something hits you but does no damage!
You squash the orc like an ant!
You annihilate the orc!!!
Something hits you! * * * don't die
* * * You squash the orc like an ant!
You punch the orc, but do no damage!
The orc is lightly wounded!
The orc completely misses you! Something hits you but does no damage!
You barely miss the orc!
The orc is lightly wounded!
The orc misses you!
You pulverise the orc!
The orc is moderately wounded!
Something hits you but does no damage! The orc barely misses you!
You beat the orc but do no damage!
The orc is moderately wounded!
Something hits you but does no damage! The orc hits you but does no damage!
You beat the orc but do no damage!
The orc is moderately wounded!
Something hits you! * * * don't die
* * * Unknown command!
You squash something like an ant!
The orc hits you with a dagger! * * * don't die
* * * Something hits you! * * * don't die
* * * You pulverise something!!!
The orc hits you with a dagger! * * * don't die
* * * Something hits you! rip

Action                   |  1- 3 |  4- 6 || total
-------------------------+-------+-------++-------
Melee: Unarmed           |    95 |   144 ||   239

Vault maps used:
D:1:      tarquinn_simple_flora_water_e
D:2:      kennysheep_six_static_rooms, ecumenical_altar_2, serial_undead,
          serial_undead_c, serial_undead_f, serial_undead_a, serial_undead_c,
          serial_undead_a, serial_undead_e
D:3:      lemuel_coloured_pillars_altar, grunt_temple_overflow_cloverleaf,
          xom_teletrap_fun

Notes
Turn   | Place    | Note
--------------------------------------------------------------
     0 | D:1      | GrosslyIncandescent the Mummy Monk began the quest for the Orb.
     0 | D:1      | Reached XP level 1. HP: 18/18 MP: 1/1
   284 | D:1      | Reached XP level 2. HP: 9/24 MP: 2/2
   905 | D:1      | Reached skill level 4 in Unarmed Combat
   905 | D:1      | Reached XP level 3. HP: 19/29 MP: 3/3
  1230 | D:1      | Reached XP level 4. HP: 19/35 MP: 4/4
  2276 | D:2      | Found a faded altar to an unknown god.
  2312 | D:2      | Reached skill level 5 in Unarmed Combat
  3163 | D:3      | Reached XP level 5. HP: 21/41 MP: 5/5
  3325 | D:3      | Found a glowing golden altar of the Shining One.
  3328 | D:3      | Found a burning altar of Makhleb.
  3331 | D:3      | Found a bloodstained altar of Trog.
  3334 | D:3      | Found an ancient bone altar of Kikubaaqudgha.
  3389 | D:3      | HP: 3/42 [orc/dagger (2)]
  3389 | D:3      | Slain by an orc wizard

Vanquished Creatures
  A hound (D:1)
  5 adders
  2 adder zombies (D:2)
  An adder skeleton (D:2)
  2 worms
  5 dart slugs
  An orc (D:3)
  A ball python (D:2)
  3 giant cockroaches
  6 goblins
  6 hobgoblins
  A jackal (D:2)
  A quokka (D:3)
  2 ball python skeletons (D:2)
  A ball python zombie (D:2)
  2 giant newts (D:2)
  A jackal skeleton (D:2)
  A jackal zombie (D:2)
  5 kobolds
  8 rats
55 creatures vanquished.
